 Dungeon Crawl Stone Soup version 0.21-a0-228-g14ccbf3 (webtiles) character file.

47 FrankyJ the Ducker (level 3, -1/21 HPs)
             Began as a Gargoyle Gladiator on Sept 1, 2017.
             Slain by Terence
             ... wielding a +3 morningstar of protection
              (10 damage)
             ... on level 2 of the Dungeon.
             The game lasted 00:02:30 (1605 turns).

FrankyJ the Ducker (Gargoyle Gladiator)             Turns: 1605, Time: 00:02:31

Health: -1/21      AC:  8    Str: 17    XL:     3   Next: 70%
Magic:  3/3        EV: 13    Int:  8    God:
Gold:   27         SH:  0    Dex: 12    Spells: 2/2 levels left

rFire    . . .     SeeInvis .   a - +0 quarterstaff
rCold    . . .     Gourm    .   (shield currently unavailable)
rNeg     + . .     Faith    .   b - +0 leather armour
rPois    ∞         Spirit   .   c - +0 helmet
rElec    +         Reflect  .   (no cloak)
rCorr    .         Harm     .   n - +0 pair of gloves
MR       .....                  (no boots)
Stlth    +.........             (no amulet)
HPRegen  0.07/turn              (no ring)
MPRegen  0.08/turn              (no ring)

@: no status effects
A: negative energy resistance 1, electricity resistance, unbreathing,
petrification resistance, rot immunity, AC +3
a: no special abilities


You were on level 2 of the Dungeon.
You were not hungry.

You visited 1 branch of the dungeon, and saw 2 of its levels.

You collected 27 gold pieces.

Inventory:

Hand Weapons
 a - a +0 quarterstaff (weapon)
Missiles
 d - 3 throwing nets (quivered)
Armour
 b - a +0 leather armour (worn)
 c - a +0 helmet (worn)
 n - a +0 pair of gloves (worn)
Jewellery
 o - an uncursed ring of poison resistance {unknown}
Scrolls
 e - 3 scrolls of teleportation {unknown}
 j - a scroll of identify {unknown}
 p - a scroll of remove curse {unknown}
 q - a scroll of magic mapping {unknown}
 s - a scroll of random uselessness {unknown}
Potions
 g - a potion of brilliance {unknown}
 h - a potion of agility {unknown}
 i - 2 potions of heal wounds {unknown}
 k - a potion of degeneration {unknown}
 l - a potion of flight {unknown}
Comestibles
 f - 2 bread rations
 m - 5 chunks of flesh
 r - a meat ration


   Skills:
 - Level 2.1 Fighting
 - Level 3.0 Staves
 - Level 2.0 Throwing
 + Level 3.6 Dodging


You had 2 spell levels left.
You didn't know any spells.

Dungeon Overview and Level Annotations

Branches:
Dungeon (2/15)

Altars:

Annotations:
D:2 Terence


Innate Abilities, Weirdness & Mutations

You are resistant to torment.
Your stone body is resilient. (AC +3)
You are immune to poison.
You resist negative energy. (rN+)
You are resistant to electric shocks. (rElec)
You can survive without breathing.
You are immune to petrification.
You are immune to rotting.


Message History

Terence barely misses you.
You hit Terence but do no damage.
Terence is severely wounded.
Terence hits you with a morningstar of protection!
You hit Terence.
Terence is severely wounded.
You hit Terence.
Terence is almost dead.
Terence misses you.
You hit Terence but do no damage.
Terence is almost dead.
Terence hits you with a morningstar of protection.
You are too injured to fight recklessly!
You are too injured to fight recklessly!
You are too injured to fight recklessly!
You are too injured to fight recklessly!
You hit Terence.
Terence is almost dead.
Terence hits you with a morningstar of protection!
You die...

###########
#..@......#
....#######@#
. #@# #.#
####.# ..
#....# ...
#....#
#..####....#
...........#
#.##.#..####
##<##.#..#


You could see Terence.

Vanquished Creatures
  2 dart slugs
  2 giant cockroaches
  9 goblins
  4 hobgoblins
  4 jackals (D:2)
  A ball python (D:1)
  8 bats
  3 frilled lizards
  6 kobolds
  2 rats
41 creatures vanquished.

Notes
Turn   | Place    | Note
-------+----------+-------------------------------------------
     0 | D:1      | FrankyJ the Gargoyle Gladiator began the quest for the Orb.
     0 | D:1      | Reached XP level 1. HP: 12/12 MP: 1/1
   326 | D:1      | Reached XP level 2. HP: 14/17 MP: 2/2
   998 | D:1      | Reached XP level 3. HP: 20/21 MP: 3/3
  1578 | D:2      | Noticed Terence
  1605 | D:2      | Slain by Terence

Vault maps used:
D:1:      elethiomel_arrival_maze
D:2:      first_bread, uniq_terence

Skill      XL: |  1  2 |
---------------+-------+-----
Throwing       | 2 |  2.0
Dodging        | 3 |  3.6
Fighting       | |  2.1
Staves         | |  3.0

Action                   || total
-------------------------++-------
Melee: Quarterstaff      ||   153
  Eat: Chunk             ||     2
Armor: Leather armour    ||    71
Dodge: Dodged            ||   134

Table legend:
 A = Spawn XP
 B = Non-spawn XP
 C = Spawn XP percentage of total XP
 D = Spawn monster count
 E = Non-spawn monster count
 F = Spawn count percentage of total count
 G = Total turns spent on level
                    A         B        C        D         E        F      G
               +---------+---------+-------+---------+---------+-------+---------
         Total |       4 |      64 |   5.9 |       2 |      39 |   4.9 |  1605
               +---------+---------+-------+---------+---------+-------+---------
           D:1 |       4 |      35 |  10.3 |       2 |      23 |   8.0 |  1296
           D:2 |       0 |      29 |   0.0 |       0 |      16 |   0.0 |   309
               +---------+---------+-------+---------+---------+-------+---------
